Unix NetHack Version 5.0.0-0 post-release - last build Jul 19 2026 19:10:59 (3aa4ab31751d3886436d94b585a96704892fd477,branch:main).

Game began 2026-05-18 19:31:22, ended 2026-07-25 05:15:23.

Anwyn, lawful female human Valkyrie

                                                     ---------------
                                                     |.............|
                                                    #....<.........|
                                                    #|.............|
                                                    #------.--------
                                                    #
                                                    #
                                                    #
                                       #            #
                                        ##############
                                       ###########  #
                                       #  #   ---.- #
                                       #  ####|...| #
                               f@#######     #|..h.##
                                              -----

Anwyn the Skirmisher        St:17 Dx:12 Co:18 In:8 Wi:10 Ch:10  Lawful
Dlvl:7  $:168 HP:0(51) Pw:14(14) AC:0  Xp:5 T:2955 

Latest messages:
 You miss the jaguar.
 The jaguar just misses!
 The jaguar hits!
 The jaguar misses!
 You miss the jaguar.
 The jaguar misses!
 The jaguar hits!
 The jaguar bites!
 The jaguar hits!
 The jaguar hits again!
 The jaguar bites!
 What do you want to drink? [ruwDGI or ?*] I
 You feel better.
 The jaguar hits!
 The jaguar hits again!
 The jaguar just misses!
 You miss the jaguar.
 The jaguar hits!
 The jaguar hits again!
 The jaguar bites!
 You miss the jaguar.
 The jaguar hits!
 The jaguar misses!
 The jaguar bites!
 What do you want to drink? [ruwDGI or ?*] I
 You feel better.
 The jaguar hits!
 The jaguar hits again!
 The jaguar misses!
 The jaguar misses!
 The jaguar misses!
 The jaguar bites!
 You miss the jaguar.
 The jaguar misses!
 The jaguar misses!
 The jaguar bites!
 You hit the jaguar!
 The jaguar hits!
 The jaguar misses!
 The jaguar misses!
 You miss the jaguar.
 The jaguar hits!
 The jaguar hits again!
 The jaguar bites!
 You die...
 Do you want your possessions identified? [ynq] (y) y
 Do you want to see your attributes? [ynq] (y) y
 Do you want an account of creatures vanquished? [ynaq] (y) y
 Do you want to see your conduct and achievements? [ynq] (y) y
 Do you want to see the dungeon overview? [ynq] (y) y

Inventory:
 Coins    ('$')
  $ - 168 gold pieces
 Weapons  (')')
  M - a +1 dagger
  b - a +0 dagger (alternate weapon; not wielded)
  a - a +1 spear
  e - a +0 battle-axe (weapon in hands)
 Armor    ('[')
  q - an uncursed +0 orcish helm (being worn)
  R - an uncursed +0 orcish helm
  x - an uncursed +0 pair of gauntlets of dexterity (being worn)
  m - a cursed -1 pair of fumble boots named pc
  c - a blessed +3 small shield
  o - an uncursed +0 robe (being worn)
  l - an uncursed +2 scale mail (being worn)
 Comestibles  ('%')
  d - 3 uncursed food rations
  n - an uncursed tripe ration
 Scrolls  ('?')
  y - an uncursed scroll of enchant armor
  B - an uncursed scroll of identify
  C - an uncursed scroll of light
  h - a cursed scroll of remove curse
  g - an uncursed scroll of scare monster
  f - an uncursed scroll of teleportation
 Potions  ('!')
  D - an uncursed potion of healing
  u - an uncursed potion of invisibility
  r - an uncursed potion of oil
  G - an uncursed potion of restore ability
  w - an uncursed potion of water
 Rings    ('=')
  H - an uncursed ring of shock resistance
 Wands    ('/')
  s - a wand of create monster (0:12)
  i - a wand of enlightenment (0:10)
 Tools    ('(')
  k - an uncursed skeleton key
 Gems/Stones  ('*')
  z - 2 uncursed chrysoberyl stones
  v - an uncursed worthless piece of black glass
  j - 4 uncursed worthless pieces of violet glass
  Z - an uncursed flint stone

Anwyn the Valkyrie's attributes:

Background:
 You were a Skirmisher, a level 5 human Valkyrie.
 You were lawful, on a mission for Tyr
 who was opposed by Odin (neutral) and Loki (chaotic).
 You were right-handed.
 You were in the Dungeons of Doom, on level 7.
 You entered the dungeon 2955 turns ago.
 It was nighttime.
 You had 314 experience points, 6 more were needed to attain level 6.

Basics:
 You had 0 out of 51 hit points.
 You had all 14 energy points (spell power).
 Your armor class was 0.
 Your wallet contained 168 zorkmids.
 Autopickup was on for '$"!/?=' plus thrown.

Final Characteristics:
 Your strength was 17 (limit:18/100).
 Your dexterity was 12 (limit:18).
 Your constitution was 18 (limit:18).
 Your intelligence was 8 (limit:18).
 Your wisdom was 10 (limit:18).
 Your charisma was 10 (limit:18).

Final Status:
 You weren't hungry.
 You were unencumbered.
 You were wielding an axe.
 You were unskilled in axe.

Final Attributes:
 You were piously aligned.
 You were cold resistant.
 You were stealthy.
 You were guarded.
 You are dead.

Miscellaneous:
 You didn't encounter any bones levels.
 Total elapsed playing time was 36 minutes and 24 seconds.

Major events:
 Turn
    1: Anwyn the lawful human Valkyrie entered the dungeon
  769: entered the Gnomish Mines
 1565: attained the rank of Skirmisher (level 3)
 2955: killed by a jaguar

You didn't know any spells.

Skills:
 Fighting Skills
   bare handed combat [Unskilled]
   two weapon combat  [Unskilled]
   riding             [Unskilled]
 Weapon Skills
   dagger             [Basic]
   axe                [Unskilled]
   pick-axe           [Unskilled]
   short sword        [Unskilled]
   broadsword         [Unskilled]
   long sword         [Unskilled]
   two-handed sword   [Unskilled]
   saber              [Unskilled]
   hammer             [Unskilled]
   quarterstaff       [Unskilled]
   polearms           [Unskilled]
   spear              [Basic]
   trident            [Unskilled]
   lance              [Unskilled]
   sling              [Unskilled]
 Spellcasting Skills
   attack spells      [Unskilled]
   escape spells      [Unskilled]

Voluntary challenges:
 Character rerolling was not enabled.
 You never genocided any monsters.
 You never polymorphed an object.
 You never changed form.
 You used no wishes.
Achievements:
 You entered a shop.
 You entered the Gnomish Mines.
 You attained the rank of Skirmisher.

 The Dungeons of Doom: levels 1 to 7
    Level 1: "locked chest"
    Level 2: "vault"
       An armor shop, a sink.
       Stairs down to The Gnomish Mines.
    Level 3: "vault"
    Level 4: "vault"
       Some fountains.
    Level 5:
    Level 6: "box with +"
    Level 7: <- You were here.
       Final resting place for
          you, killed by a jaguar.
 The Gnomish Mines:
    Level 3:


Vanquished creatures:
  a dwarf ruler
  5 bugbears
  a fog cloud
  a shrieker
  a gnome leader
  a giant ant
  a floating eye
  a kitten
  a kobold shaman
  a rabid rat
  a monkey
  a wererat
  2 acid blobs
  a coyote
  a hobbit
  2 hobgoblins
  a cave spider
  a yellow mold
  3 gnomes
  5 geckos
  6 jackals
  2 kobolds
  2 goblins
  3 grid bugs
  a bat
  4 lichens
  a kobold zombie
  7 newts
58 creatures vanquished.

No species were genocided or became extinct.

Game over:
                       ----------
                      /          \
                     /    REST    \
                    /      IN      \
                   /     PEACE      \
                  /                  \
                  |      Anwyn       |
                  |      168 Au      |
                  |   killed by a    |
                  |      jaguar      |
                  |                  |
                  |                  |
                  |       2026       |
                 *|     *  *  *      | *
        _________)/\\_//(\/(/\)/\//\/|_)_______

Farvel Anwyn the Valkyrie...

You died in The Dungeons of Doom on dungeon level 7 with 1738 points,
and 168 pieces of gold, after 2955 moves.
You were level 5 with a maximum of 51 hit points when you died.

